AoeStats
← [GDL] Maldito Pantoja

Lombardia

509998200Analyzed
4v4 RM · 3d ago on Sep 29, 2026· 20m 22s· 8 players
Game mode
Random Map
Map size
Large (8 player)
Population
200
Speed
Normal
Resources
Standard
Victory
Conquest
Starting age
Dark Age
Ending age
Imperial Age
RankedLock teamsTeams togetherTeam positionsShared explorationLock speedFull tech treeHidden civsTurbo modeCheats
Victory
Defeat
🇧🇷 Tatars · Brazil
1233
+12
🇧🇷 Chinese · Brazil
1230
+12
🇦🇷 Mongols · Argentina
1197
+13
🇦🇷 Malians · Argentina
1167
+14
🇵🇦 Persians · Panama
1185
-14
🇵🇪 Sicilians · Peru
1129
-13
🇲🇽 Saracens · Mexico
1125
-12
🇺🇸 Slavs · United States
1112
-12
-Jark-
8:18 Loom
10:03 Feudal Age
11:37 Double-Bit Axe
11:42 Horse Collar
15:51 Wheelbarrow
16:06 Forging
16:40 Scale Barding Armor
CyclicGnat62091
0:49 Loom
12:02 Feudal Age
17:48 Castle Age
15:50 Double-Bit Axe
17:48 Horse Collar
19:18 Gold Mining
19:34 Squires
20:43 Scale Mail Armor
Atos 4:12 | João 14:6
0:38 Loom
9:52 Feudal Age
11:14 Double-Bit Axe
15:02 Fletching
15:48 Horse Collar
17:10 Wheelbarrow
19:07 Town Watch
19:16 Gold Mining
21:55 Castle Age
Revontheus
6:22 Loom
10:41 Feudal Age
14:00 Wheelbarrow
20:04 Castle Age
17:52 Double-Bit Axe
18:30 Stone Mining
18:30 Horse Collar
20:57 Heavy Plow
[GDL] Maldito Pantoja
10:06 Loom
11:52 Feudal Age
14:12 Wheelbarrow
16:23 Castle Age
14:33 Double-Bit Axe
15:36 Horse Collar
15:56 Gold Mining
Apostate of Hate
11:35 Feudal Age
10:21 Loom
14:23 Double-Bit Axe
York
7:03 Loom
9:21 Feudal Age
9:48 Double-Bit Axe
12:33 Forging
13:33 Scale Barding Armor
14:33 Bloodlines
15:35 Horse Collar
21:08 Castle Age
ReverbMate
7:41 Loom
11:02 Feudal Age
11:44 Double-Bit Axe
12:26 Gold Mining
15:30 Town Watch
16:36 Horse Collar
Connection lost

Rejoining the realm…

Still unreachable

The connection could not be restored.

Session expired

The server has moved on; the page needs a fresh start.